 Dungeon Crawl Stone Soup version 0.29-a0-82-g837932c90e (webtiles) character file.

Game seed: 12123188750096303497

235 HallandMoats the Sneak (level 6, 0/38 HPs)
             Began as a Kobold Brigand on Feb 4, 2022.
             Succumbed to Edmund's poison
             ... on level 4 of the Dungeon.
             The game lasted 00:05:38 (4007 turns).

HallandMoats the Sneak (Kobold Brigand)             Turns: 4007, Time: 00:05:38

Health: 0/38       AC:  5    Str: 10    XL:     6   Next: 27%
Magic:  2/2        EV: 16    Int:  9    God:
Gold:   155        SH:  0    Dex: 27    Spells: 5/5 levels left

rFire   . . .      SeeInvis .   b - +2 mace of the Pariah {antimagic, rN+ Int-3 Dex+10 Stlth-}
rCold   . . .      Faith    .   (no shield)
rNeg    + . .      Spirit   .   q - +0 robe
rPois   .          Reflect  .   (no helmet)
rElec   .          Harm     .   r - +1 cloak
rCorr   .          Rampage  .   o - +0 pair of gloves
Will    .....                   (no boots)
Stlth   ++++......              m - amulet of the acrobat
HPRegen 0.12/turn               (no ring)
MPRegen 0.08/turn               (no ring)

@: lethally poisoned (0 -> -37), flying
A: small, no large weapons, nightstalker 3
a: no special abilities


You were on level 4 of the Dungeon.
You visited 1 branch of the dungeon, and saw 4 of its levels.

You collected 155 gold pieces.

Inventory:

Hand Weapons
 a - a +3 dagger
 b - the +2 mace of the Pariah (weapon) {antimagic, rN+ Int-3 Dex+10 Stlth-}
   (You found it on level 2 of the Dungeon)

   It reduces the magical energy of the wielder, and disrupts the spells and
   magical abilities of those it strikes.
   Natural abilities and divine invocations are not affected.
   Int:       It affects your intelligence (-3).
   Dex:       It affects your dexterity (+10).
   rN:        It protects you from negative energy.
   Stlth:     It makes you less stealthy.
 s - the +7 mace of Hulaerr {holy, Contam rPois Str+4}
   (You found it on level 2 of the Dungeon)

   It has been blessed by the Shining One to cause great damage to the undead
   and demons.
   Str:       It affects your strength (+4).
   rPois:     It protects you from poison.
   Contam:    It causes magical contamination when unequipped.
Missiles
 d - 17 poisoned darts (quivered)
 e - 2 curare-tipped darts
Armour
 g - a +1 chain mail of fire resistance
 o - a +0 pair of gloves (worn)
 q - a +0 robe (worn)
 r - a +1 cloak (worn)
Jewellery
 m - an amulet of the acrobat (around neck)
 n - a ring of ice
Wands
 t - a wand of polymorph (10)
 v - a wand of iceblast (8)
Scrolls
 i - a scroll of teleportation
Potions
 f - a potion of resistance {unknown}
 h - a potion of flight
 l - a potion of berserk rage {unknown}
 p - a potion of mutation {unknown}
 w - a potion of attraction {unknown}


   Skills:
 * Level 3.9 Fighting
 * Level 4.6 Short Blades
 - Level 2.1 Throwing
 + Level 1.3 Armour
 + Level 2.4 Dodging
 * Level 6.8 Stealth


You had 5 spell levels left.
You didn't know any spells.
Your spell library was empty.

Dungeon Overview and Level Annotations

Branches:
Dungeon (4/15)
 Temple: D:4-7

Altars:

Shops:
D:1 (

Annotations:
D:4 Edmund


Innate Abilities, Weirdness & Mutations

You are small and have problems with some larger weapons.
You are completely attuned to the shadows.


Message History

You hit the quokka.
You kill the quokka!
You swing at nothing.
Edmund shouts!
Edmund says, "I might not be good at magic, but I can still kill you!"
You see here a +0 spear.
You barely miss Edmund. Edmund hits you but does no damage.
You are poisoned.
You hit Edmund but do no damage.
You feel sick. Edmund closely misses you.
You hit Edmund.
Edmund is lightly wounded.
You feel sick.
Edmund hits you with a +1 dire flail of venom.
You feel stupid.
You feel agile.
You feel magic leave you.
b - the +2 mace of the Pariah (weapon)
{antimagic, rN+ Int-3 Dex+10 Stlth-} You feel sick.
You hit Edmund but do no damage.
Edmund is lightly wounded.
You feel sick. Edmund hits you but does no damage.
You are more poisoned.
Edmund barely misses you.
You sock Edmund!
Edmund is lightly wounded.
You feel very sick.
Edmund hits you with a +1 dire flail of venom.
You are more poisoned.
You hit Edmund but do no damage.
Edmund is lightly wounded.
You feel very sick.
Edmund hits you with a +1 dire flail of venom!
You are more poisoned.
Edmund hits you with a +1 dire flail of venom.
* * * LOW HITPOINT WARNING * * *
You are more poisoned.
It was a potion of flight.
You feel very buoyant.
You fly up into the air.
You die...

#........
#........
#........
#...@....
#...@....
#.†).....
#........
#........
#........
+##.......
#............#
#............#
#............#


You could see Edmund.

Vanquished Creatures
  A centaur skeleton (D:3)
  Crazy Yiuf (D:2)
  Ijyb (D:3)
  Natasha (twice) (D:2)
  4 gnolls (D:3)
  A white imp (D:3)
  4 dart slugs
  An orc (D:2)
  5 endoplasms
  3 giant cockroaches
  5 goblins
  4 hobgoblins
  2 quokkas
  3 ball pythons
  5 bats
  4 frilled lizards
  7 kobolds
  3 rats
56 creatures vanquished.

Notes
Turn   | Place    | Note
-------+----------+-------------------------------------------
     0 | D:1      | HallandMoats the Kobold Brigand began the quest for the
                  | Orb.
     0 | D:1      | Reached XP level 1. HP: 12/12 MP: 1/1
    49 | D:1      | Found Ishileoq's Weapon Emporium.
    82 | D:1      | Reached XP level 2. HP: 18/18 MP: 2/2
   719 | D:1      | Reached XP level 3. HP: 12/22 MP: 3/3
  1788 | D:2      | Identified the +2 mace of the Pariah {antimagic, rN+ Int-3
                  | Dex+10 Stlth-}
  1823 | D:2      | Noticed Natasha
  1827 | D:2      | Killed Natasha
  1828 | D:2      | Reached XP level 4. HP: 28/28 MP: 4/4
  2249 | D:2      | Found a runed translucent door.
  2252 | D:2      | Noticed Crazy Yiuf
  2256 | D:2      | Identified the +7 mace of Hulaerr {holy, Contam rPois
                  | Str+4}
  2257 | D:2      | Killed Crazy Yiuf
  2258 | D:2      | Reached skill level 6 in Stealth
  2405 | D:2      | Noticed Natasha
  2411 | D:2      | Killed Natasha
  2412 | D:2      | Reached XP level 5. HP: 28/32 MP: 5/5
  2463 | D:3      | Reached skill level 1 in Armour
  2511 | D:3      | HP: 1/32 [gnoll (3)]
  3100 | D:3      | Reached XP level 6. HP: 38/38 MP: 6/6
  3564 | D:3      | Found a faded altar of an unknown god.
  3792 | D:3      | Noticed Ijyb
  3810 | D:3      | Killed Ijyb
  3991 | D:4      | Noticed Edmund
  4007 | D:4      | Succumbed to Edmund's poison

Illustrated notes

Levels and vault maps discovered:
D:1:      dpeg_arrival_tiny_a, layout_rooms, serial_shops,
          nicolae_shop_behind_doors, minivault_26
D:2:      layout_basic, kennysheep_generic_room_11, uniq_crazy_yiuf_cottage,
          uniq_natasha
D:3:      layout_basic, dreamdust_ecumenical_altar_angels_and_demons, uniq_ijyb
D:4:      layout_gridville, minmay_temple_entry_mini_moons,
          portal_sewer_entry_d, uniq_menkaure, uniq_robin, uniq_duvessa,
          uniq_edmund

Skill      XL: |  1  2  3  4  5 |
---------------+----------------+-----
Short Blades   | 3 4 |  4.6
Fighting       | 3 |  3.9
Stealth        | 6 |  6.8
Dodging        | 2 |  2.4
Armour         | 1 |  1.3
Throwing       | |  2.1

Action                   |  1- 3 |  4- 6 || total
-------------------------+-------+-------++-------
Melee: Dagger            |    65 |    80 ||   145
       Punch             |     2 |     1 ||     3
       Mace              |       |    24 ||    24
  Use: Scroll            |       |     4 ||     4
       Potion            |       |     1 ||     1
 Stab: Sleeping          |    15 |    12 ||    27
Armor: Robe              |     7 |    12 ||    19
Dodge: Dodged            |    24 |    76 ||   100

Table legend: (Time is in decaauts)
 A = Elapsed time spent in this place.
 B = Non-inter-level travel time spent in this place.
 C = Inter-level travel time spent in this place.
 D = Time resting spent in this place.
 E = Time spent auto-exploring this place.
 F = Levels seen in this place.
 G = Mean time per level.
                   A        B        C        D        E       F      G
               +--------+--------+--------+--------+--------+-----+--------+
         Total |   3985 |   3875 |    110 |    338 |   3040 |   4 |  996.2 |
       Dungeon |   3985 |   3875 |    110 |    338 |   3040 |   4 |  996.2 |
               +--------+--------+--------+--------+--------+-----+--------+

Top non-repeatable levels by time:
     D:3: 1592 daAuts
     D:2: 1222 daAuts
     D:1: 1132 daAuts
     D:4: 38 daAuts
